 Dungeon Crawl Stone Soup version 0.31-a0-507-gbafd7f5274 (webtiles) character file.

Game seed: 670379718960804403

160 Crownlay the Digger (level 5, 0/31 HPs)
             Began as an Octopode Earth Elementalist on Aug 9, 2023.
             Slain by an orc
             ... wielding a +0 club
              (4 damage)
             ... on level 3 of the Dungeon.
             The game lasted 00:01:52 (2166 turns).

Crownlay the Digger (Octopode Earth Elementalist)   Turns: 2166, Time: 00:01:52

Health: 0/31       AC:  1    Str:  7    XL:     5   Next: 41%
Magic:  3/10       EV: 13    Int: 19    God:
Gold:   138        SH:  0    Dex: 13    Spells: 10/11 levels left

rFire   . . .        g - +2 dagger (flame)
rCold   . . .        (no shield)
rNeg    . . .        (helmet restricted)
rPois   .            (no amulet)
rElec   .            (no ring)
rCorr   .            (no ring)
SInv    .            (no ring)
Will    .....        (no ring)
Stlth   +++          (no ring)
HPRegen 0.25/turn    (no ring)
MPRegen 0.12/turn    (no ring)
                     (no ring)

%: no passive effects
@: no status effects
A: almost no armour, amphibious, 8 rings, camouflage 1, gelatinous body 1,
(nimble swimmer 1), tentacles
a: no special abilities


You were on level 3 of the Dungeon.
You visited 1 branch of the dungeon, and saw 3 of its levels.

You collected 138 gold pieces.

Inventory:

Hand Weapons
 g - a +2 dagger of flaming (weapon)
Scrolls
 b - a scroll of amnesia {unknown}
 c - 2 scrolls of noise {unknown}
 d - a scroll of enchant armour {unknown}
 e - 2 scrolls of teleportation {unknown}
 f - a scroll of silence {unknown}
 h - 2 scrolls of identify {unknown}
Potions
 a - a potion of magic


   Skills:
 - Level 2.0 Dodging
 - Level 2.6 Stealth
 + Level 3.8 Spellcasting
 - Level 1.0 Transmutations
 + Level 4.7 Earth Magic


You had 10 spell levels left.
You knew the following spells:

 Your Spells              Type           Power      Damage    Failure   Level
a - Sandblast             Erth           42%        2d11      1%          1

Your spell library contained the following spells:

 Spells                   Type           Power      Damage    Failure   Level
 Passwall                 Tmut/Erth      11%        N/A       7%          2
 Stone Arrow              Conj/Erth      24%        3d8       16%         3
 Petrify                  Tmut/Erth      14%        N/A       41%         4


Dungeon Overview and Level Annotations

Branches:
Dungeon (3/15)

Altars:
Cheibriados
Uskayaw
The Shining One


Innate Abilities, Weirdness & Mutations

You cannot wear most types of armour.
You are amphibious.
You can wear up to eight rings at the same time.
Your skin changes colour to match your surroundings (Stealth+).
Your rubbery body absorbs attacks. (AC +1, EV +1)
((You are camouflaged when in or above water. (Stealth+)))
You have tentacles for arms and can constrict up to eight enemies at once.


Message History

Confirm with . or Enter, or press ? or * to list all spells.
Aiming: Sandblast (safe; 2% risk of failure)
Press: ? - help, Shift-Dir - straight line, f/p - orc wizard
Aim: an orc wizard, wielding a +0 dagger and wearing a +0 robe (almost dead, 79% to hit)
The blast of sand hits the orc wizard!
You kill the orc wizard!
The orc closely misses you.
The orc priest miscasts a cantrip.
The orc barely misses you. x2
Casting: Sandblast (safe; 1% risk of failure)
Confirm with . or Enter, or press ? or * to list all spells.
Aiming: Sandblast (safe; 1% risk of failure)
Press: ? - help, Shift-Dir - straight line, f - orc
Aim: an orc, wielding a +0 hand axe (83% to hit)
The blast of sand hits the orc!
You kill the orc!
The orc barely misses you.
Casting: Sandblast (safe; 1% risk of failure)
Confirm with . or Enter, or press ? or * to list all spells.
Aiming: Sandblast (safe; 1% risk of failure)
Press: ? - help, Shift-Dir - straight line, f - orc
Aim: an orc, wielding a +0 club and wearing a +0 ring mail (85% to hit)
The blast of sand hits the orc but does no damage.
The orc completely misses you. The orc hits you with a +0 club.
* * * LOW HITPOINT WARNING * * *
Casting: Sandblast (safe; 1% risk of failure)
Confirm with . or Enter, or press ? or * to list all spells.
Aiming: Sandblast (safe; 1% risk of failure)
Press: ? - help, Shift-Dir - straight line, f/p - orc
Aim: an orc, wielding a +0 club and wearing a +0 ring mail (85% to hit)
The blast of sand hits the orc but does no damage.
The orc barely misses you.
Casting: Sandblast (safe; 1% risk of failure)
Confirm with . or Enter, or press ? or * to list all spells.
Aiming: Sandblast (safe; 1% risk of failure)
Press: ? - help, Shift-Dir - straight line, f/p - orc
Aim: an orc, wielding a +0 club and wearing a +0 ring mail (85% to hit)
The blast of sand hits the orc but does no damage.
The orc priest barely misses you. The orc hits you with a +0 club.
You die...

####.## ###+#+###.....
.###.# #...........####
..##.# #...............
#.##.# #..............?
#..#.########.#.........
##.....# ##.#.........
.....#.# ##........###
.#####.####...#)....# .#
#.#....#.##@#### .#
#.....##.##oo# .#
#.....#......#
.#####.>...#.####).
....###....#.# .##
....###....#.# .#
.....##......## ..
.....##........ _.
#...[##....##.#


You could see an orc priest and an orc.

Vanquished Creatures
  2 orc wizards (D:3)
  3 gnolls (D:2)
  2 adders (D:2)
  6 orcs (D:3)
  2 bats (D:1)
  4 endoplasms
  4 giant cockroaches
  4 goblins
  7 hobgoblins
  3 quokkas
  5 ball pythons
  A frilled lizard (D:2)
  8 kobolds
  5 rats
56 creatures vanquished.

Notes
Turn   | Place    | Note
-------+----------+-------------------------------------------
     0 | D:1      | Crownlay the Octopode Earth Elementalist began the quest
                  | for the Orb.
     0 | D:1      | Reached XP level 1. HP: 11/11 MP: 3/3
     2 | D:1      | Noticed a merfolk
     2 | D:1      | Noticed an ogre
     4 | D:1      | Noticed a troll
     4 | D:1      | Noticed a felid
     6 | D:1      | Noticed a tengu
     8 | D:1      | Noticed a meteoran
     8 | D:1      | Noticed a minotaur
    10 | D:1      | Noticed a vine stalker
    10 | D:1      | Noticed a formicid
    13 | D:1      | Noticed a demonspawn
    15 | D:1      | Noticed an elf
    17 | D:1      | Noticed an octopode
    17 | D:1      | Noticed a demigod
    19 | D:1      | Noticed a naga
    19 | D:1      | Noticed a spriggan
    21 | D:1      | Noticed a draconian
    21 | D:1      | Noticed an armataur
    23 | D:1      | Noticed a gargoyle
    23 | D:1      | Noticed a ghoul
    25 | D:1      | Noticed a vampire
    25 | D:1      | Noticed an octopode
    27 | D:1      | Noticed an ogre
    27 | D:1      | Noticed an octopode
   127 | D:1      | Reached XP level 2. HP: 11/17 MP: 0/5
   696 | D:1      | Reached XP level 3. HP: 21/21 MP: 4/6
  1072 | D:2      | Reached skill level 4 in Earth Magic
  1072 | D:2      | Reached XP level 4. HP: 24/27 MP: 2/8
  1503 | D:2      | Found a glowing golden altar of the Shining One.
  1852 | D:3      | Reached XP level 5. HP: 31/31 MP: 3/10
  1985 | D:3      | Found a hide-covered altar of Uskayaw.
  2152 | D:3      | Found a snail-covered altar of Cheibriados.
  2166 | D:3      | Slain by an orc

Illustrated notes

Levels and vault maps discovered:
D:1:      kb_arrival_jail, layout_loops_ring
D:2:      layout_basic, basic_altar
D:3:      layout_basic, lemuel_doored_altar, nicolae_overflow_crystal_walls

Skill      XL: |  1  2  3 |
---------------+----------+-----
Spellcasting   | 3 |  3.8
Earth Magic    | 4 |  4.7
Dodging        | |  2.0
Stealth        | |  2.6
Transmutations | |  1.0

Action                     |  1- 3 |  4- 6 || total
---------------------------+-------+-------++-------
  Melee: Unarmed           |     1 |     1 ||     2
         Tentacles         |     1 |     1 ||     2
         Constrict         |     1 |       ||     1
         Dagger            |       |     6 ||     6
   Cast: Sandblast         |    32 |    43 ||    75
 Armour: Skin              |     2 |       ||     2
  Dodge: Dodged            |     6 |    22 ||    28

Table legend: (Time is in decaauts)
 A = Elapsed time spent in this place.
 B = Non-inter-level travel time spent in this place.
 C = Inter-level travel time spent in this place.
 D = Time resting spent in this place.
 E = Time spent auto-exploring this place.
 F = Levels seen in this place.
 G = Mean time per level.
                   A        B        C        D        E       F      G
               +--------+--------+--------+--------+--------+-----+--------+
         Total |   2201 |   2160 |     41 |      0 |   1882 |   3 |  733.7 |
       Dungeon |   2201 |   2160 |     41 |      0 |   1882 |   3 |  733.7 |
               +--------+--------+--------+--------+--------+-----+--------+

Top non-repeatable levels by time:
     D:1: 1023 daAuts
     D:2: 830 daAuts
     D:3: 348 daAuts
